 Dungeon Crawl Stone Soup version 0.24.1-14-gf8d2b509d9 (console) character file.

Game seed: 3250773385060470870, levelgen mode: deterministic

72 PaulS the Conjurer (level 4, 0/24 HPs)
             Began as a Tengu Conjurer on May 15, 2020.
             Slain by an orc
             ... wielding a +0 club
              (5 damage)
             ... on level 3 of the Dungeon on May 20, 2020.
             The game lasted 00:11:32 (2932 turns).

PaulS the Conjurer (Tengu Conjurer)                 Turns: 2932, Time: 00:11:32

Health: 0/24       AC:  2    Str:  8    XL:     4   Next: 26%
Magic:  1/8        EV: 13    Int: 17    God:
Gold:   99         SH:  0    Dex: 14    Spells: 5/8 levels left

rFire    . . .     SeeInvis .   (no weapon)
rCold    . . .     Gourm    .   (no shield)
rNeg     . . .     Faith    .   a - +0 robe
rPois    .         Spirit   .   (helmet restricted)
rElec    .         Reflect  .   (no cloak)
rCorr    .         Harm     .   (no gloves)
MR       .....                  (boots unavailable)
Stlth    ++........             (no amulet)
HPRegen  0.08/turn              (no ring)
MPRegen  0.11/turn              (no ring)

@: no status effects
A: beak, talons 3
a: no special abilities


You were on level 3 of the Dungeon.
You were very hungry.

You visited 1 branch of the dungeon, and saw 3 of its levels.

You collected 99 gold pieces.

Inventory:

Hand Weapons
 f - a +0 spear
Armour
 a - a +0 robe (worn)
 o - a +0 leather armour
Jewellery
 b - an uncursed amulet of faith {unknown}
 k - a +2 ring of intelligence {unknown}
Scrolls
 d - a scroll of remove curse {unknown}
 g - 2 scrolls of identify {unknown}
 h - a scroll of teleportation {unknown}
 i - a scroll of amnesia {unknown}
 l - a scroll of immolation {unknown}
 p - a scroll of fear {unknown}
Potions
 e - a potion of might {unknown}
 j - a potion of berserk rage {unknown}
 m - a potion of degeneration {unknown}
 n - a potion of mutation {unknown}
Comestibles
 c - 6 rations {@e1}


   Skills:
 + Level 3.0 Dodging
 + Level 2.9 Stealth
 + Level 2.6 Spellcasting
 + Level 5.9 Conjurations


You had 5 spell levels left.
You knew the following spells:

 Your Spells              Type           Power        Failure   Level  Hunger
a - Magic Dart            Conj           ###.         1%          1    #......
b - Searing Ray           Conj           ###...       2%          2    ##.....

Your spell library contained the following spells:

 Spells                   Type           Power        Failure   Level  Hunger
 Dazzling Spray           Conj/Hex       ##....       16%         3    ###....
 Iskenderun's Mystic Bla  Conj           ###.....     16%         4    #####..
 Force Lance              Conj/Tloc      ##......     47%         4    #####..
 Fulminant Prism          Conj/Hex       ##........   47%         4    #####..


Dungeon Overview and Level Annotations

Branches:
Dungeon (3/15)

Altars:
Dithmenos
Xom


Innate Abilities, Weirdness & Mutations

You have a beak for a mouth.
You have claws for feet.


Message History

The magic dart hits the orc but does no damage.
The orc is moderately wounded.
* * * LOW MAGIC WARNING * * *
The orc closely misses you. The orc barely misses you.
Casting: Magic Dart (safe; 1% risk of failure)
Confirm with . or Enter, or press ? or * to list all spells.
Aiming: Magic Dart (safe; 1% risk of failure)
Press: ? - help, Shift-Dir - straight line, f/p - orc
Aim: an orc, wielding a +0 club and wearing a +0 leather armour (moderately wounded)
The magic dart hits the orc.
The orc is heavily wounded.
* * * LOW MAGIC WARNING * * *
The orc barely misses you. The orc misses you.
The orc hits you but does no damage. The orc closely misses you.
The orc hits you with a +0 club.
* * * LOW HITPOINT WARNING * * *
The orc barely misses you. The orc hits you with a +0 club.
You die...

░.░░ ░░........)..░░.░ ░.
░..░░..░░░░░.░..░ .
░.░░░.....░░..)░░░░░░░░ ░
░. ░o░░░......†.......
..░.░░░o░░░........░.░░░░
░.......░...░░░....░.░░░
░░░...........o.........
........░░░░░.o..░.░░░░░
░...░░...░░░.Q░░░░.░ ░..░
░.......░░ .░ ..░
░..░.░░░░░ .░
░░░....░....░
...░░.░░░░)░ .... .. oo
>.░ ░░ ░). .. .


You could see 2 orcs.

Vanquished Creatures
  2 adders
  2 dart slugs (D:1)
  A leopard gecko (D:3)
  3 orcs (D:3)
  3 giant cockroaches
  12 goblins
  4 hobgoblins
  2 kobolds (D:2)
  A quokka (D:2)
  4 bats
  4 frilled lizards
  5 rats
43 creatures vanquished.

Notes
Turn   | Place    | Note
-------+----------+-------------------------------------------
     0 | D:1      | PaulS the Tengu Conjurer began the quest for the Orb.
     0 | D:1      | Reached XP level 1. HP: 10/10 MP: 4/4
   456 | D:1      | Reached XP level 2. HP: 15/15 MP: 0/6
   861 | D:1      | Learned a level 2 spell: Searing Ray
  1326 | D:1      | Reached XP level 3. HP: 19/19 MP: 5/7
  1790 | D:2      | Upgraded the game from 0.24.1-11-gbbbb2193e6 to
                  | 0.24.1-14-gf8d2b509d9
  1863 | D:2      | Found a shadowy altar of Dithmenos.
  1954 | D:2      | Found a faded altar of an unknown god.
  1988 | D:2      | Found a shimmering altar of Xom.
  1991 | D:2      | Found a shimmering altar of Xom.
  2010 | D:2      | Found a shimmering altar of Xom.
  2011 | D:2      | Found a shimmering altar of Xom.
  2444 | D:3      | Reached XP level 4. HP: 9/24 MP: 1/8
  2932 | D:3      | Slain by an orc

Levels and vault maps discovered:
D:1:      scummos_arrival_simple_crosswalls, layout_basic,
          minmay_split_cup_large
D:2:      layout_rooms, nicolae_dithmenos_shadow_blocks, xom_redecorated,
          chequers_ecumenical_altar_twisty, chequers_serial_rivers_room_a,
          serial_park_tiny_1, chequers_serial_rivers_small_a,
          minmay_split_cup_small
D:3:      layout_rooms, first_ration

Skill      XL: |  1  2  3  4 |
---------------+-------------+-----
Dodging        | 3 |  3.0
Stealth        | |  2.9
Spellcasting   | |  2.6
Conjurations   | |  5.9

Action                   |  1- 3 |  4- 6 || total
-------------------------+-------+-------++-------
Melee: Unarmed           |     8 |       ||     8
       Kick              |     2 |       ||     2
 Cast: Magic Dart        |    68 |    24 ||    92
       Searing Ray       |     3 |       ||     3
 Stab: Sleeping          |     1 |       ||     1
  Eat: Chunk             |     5 |     1 ||     6
Armor: Robe              |     2 |     2 ||     4
Dodge: Dodged            |    11 |    21 ||    32
